 Dungeon Crawl Stone Soup version 0.31.0-11-ge490571c62 (webtiles) character file.

Game seed: 15113794705979256959

11 LobsterGuardian the Digger (level 2, 0/17 HPs)
             Began as an Octopode Earth Elementalist on Jan 31, 2024.
             Slain by a lemure (9 damage)
             ... led by Pikel
             ... on level 4 of the Dungeon.
             The game lasted 00:03:32 (648 turns).

LobsterGuardian the Digger (OpEE)                    Turns: 648, Time: 00:03:32

Health: 0/17       AC:  1    Str:  7    XL:     2   Next: 25%
Magic:  5/5        EV: 13    Int: 17    God:
Gold:   55         SH:  0    Dex: 12    Spells: 4/5 levels left

rFire   . . .        g - +3 dagger (elec)
rCold   . . .        (no shield)
rNeg    . . .        (helmet restricted)
rPois   .            (no amulet)
rElec   .            (no ring)
rCorr   .            (no ring)
SInv    .            (no ring)
Will    .....        (no ring)
Stlth   +++          (no ring)
HPRegen 0.22/turn    (no ring)
MPRegen 0.09/turn    (no ring)
                     (no ring)

%: no passive effects
@: no status effects
A: almost no armour, amphibious, 8 rings, camouflage 1, gelatinous body 1,
(nimble swimmer 1), tentacles
a: no special abilities


You were on level 4 of the Dungeon.
You visited 2 branches of the dungeon, and saw 5 of its levels.

You collected 55 gold pieces.

Inventory:

Hand Weapons
 g - a +3 dagger of electrocution (weapon)
Wands
 e - a wand of charming (10)
Scrolls
 c - a scroll of identify
 d - a scroll of amnesia
Potions
 a - a potion of magic
 f - a potion of curing {unknown}


   Skills:
 + Level 2.0 Dodging
 * Level 2.6 Stealth
 + Level 2.2 Spellcasting
 + Level 1.0 Conjurations
 * Level 3.4 Earth Magic


You had 4 spell levels left.
You knew the following spells:

 Your Spells              Type           Power      Damage    Failure   Level
a - Sandblast             Erth           26%        2d8       4%          1

Your spell library contained the following spells:

 Spells                   Type           Power      Damage    Failure   Level
 Passwall                 Erth           13%        N/A       14%         3
 Stone Arrow              Conj/Erth      18%        3d8       22%         3
 Brom's Barrelling Bould  Conj/Erth      9%         2d3       58%         4
 Petrify                  Alch/Erth      7%         N/A       67%         4


Dungeon Overview and Level Annotations

Branches:
Dungeon (4/15)             Temple (1/1) D:4

Altars:
Cheibriados
Dithmenos
Gozag
Makhleb
Ru
Sif Muna
Vehumet
Wu Jian
Zin
The Shining One

Annotations:
D:4 Dowan, Duvessa, Pikel


Innate Abilities, Weirdness & Mutations

You cannot wear most types of armour.
You are amphibious.
You can wear up to eight rings at the same time.
Your skin changes colour to match your surroundings (Stealth+).
Your rubbery body absorbs attacks. (AC +1, EV +1)
((You are camouflaged when in or above water. (Stealth+)))
You have tentacles for arms and can constrict up to eight enemies at once.


Message History

Found an escape hatch in the ceiling.
There is an escape hatch in the ceiling here.
Found a staircase to the Ecumenical Temple.
Unknown command.
A lemure comes into view.
A lemure, Dowan and an orc come into view.
Found a fizzy blue potion.
The lemure shouts!
Dowan shouts!
The orc shouts!
You hear a shout! x2
Pikel, Merchant of Souls comes into view.
He is wielding a +1 whip of freezing.
The orc moves out of view.
You hear a shout!
You hear a bark! x2
Okay, then.
Duvessa, Sister of Dowan comes into view.
She is wielding a +0 rapier and wearing a +2 leather armour of positive energy.
Duvessa shouts!
There is a staircase to the Ecumenical Temple here.
You climb downwards.
Welcome to the Ecumenical Temple!
Found eight altars.
Found a staircase back to the Dungeon.
There is a staircase back to the Dungeon here.
Unknown command.
Unknown command.
Done exploring.
Search for what [? for help]? alt Unknown command.
As you read the scroll labelled GIYTIYH BASS, it crumbles to dust.
It is a scroll of enchant weapon.
Your +2 dagger of electrocution glows red for a moment.
Okay, then.
You climb upwards.
Welcome back to the Dungeon!
Level annotation: Dowan, Duvessa, Pikel The orc hits you with a +0 hand axe.
The lemure hits you!
There is a staircase to the Ecumenical Temple, spattered with blood here.
Unknown command.
Unknown command.
Unknown command.
As you read the scroll labelled BIDGHAU QUBA, it crumbles to dust.
It is a scroll of identify.
d - a scroll of amnesia The orc barely misses you.
The lemure hits you!
Ouch! That really hurt!
You die...

..## .... .!... ..... ...#.
..... ...e.# #.....
..e5###.... #.K.#...# ##.
#.5...# .... .#
##o@5#####...
....#.....#....#
...#...#...#...# ######
......###.....#
.....#######..#.#.#..#.#
###......# ##...#...## .
##.......# ##..#...#####.#
##....##.# #...#.......#
##....##.######..##########


You could see Pikel, Duvessa, 3 lemures, Dowan and an orc.

Vanquished Creatures
  2 orcs (D:3)
  4 goblins
  A kobold (D:3)
  A rat (D:1)
8 creatures vanquished.

Notes
Turn   | Place    | Note
-------+----------+-------------------------------------------
     0 | D:1      | LobsterGuardian the Octopode Earth Elementalist began the
                  | quest for the Orb.
     0 | D:1      | Reached XP level 1. HP: 11/11 MP: 3/3
   135 | D:1      | You fall into a shaft and drop 1 floor!
   298 | D:3      | Found an opulent altar of Gozag.
   392 | D:3      | Reached XP level 2. HP: 17/17 MP: 5/5
   636 | D:4      | Found a staircase to the Ecumenical Temple.
   638 | D:4      | Noticed a lemure
   641 | D:4      | Noticed a lemure
   641 | D:4      | Noticed Dowan
   641 | D:4      | Noticed Pikel
   642 | D:4      | Noticed Duvessa
   644 | Temple   | Entered the Ecumenical Temple
   647 | D:4      | Noticed a lemure
   648 | D:4      | Slain by a lemure

Illustrated notes

Levels and vault maps discovered:
D:1:      dpeg_arrival_chambers_temple_mockup, layout_loops_ring, nrook_campfire
D:2:      cheibrodos_greedy_goblins, layout_rooms,
          ebering_ecumenical_altar_webs, grunt_ministairs_4,
          dreamdust_wishing_well, uniq_jessica
D:3:      layout_basic, nicolae_gozag_cash_rules_everything_around_me,
          uniq_natasha
D:4:      layout_loops_cross, minmay_temple_entry_arrows, amethyst_killhole,
          uniq_pikel, uniq_sigmund, uniq_duvessa
Temple:   nicolae_temple_cloud_nine

Action                     || total
---------------------------++-------
  Melee: Dagger            ||     1
   Cast: Sandblast         ||     8
    Use: Scroll            ||     2
   Stab: Sleeping          ||     1
 Armour: Skin              ||     7
  Dodge: Dodged            ||     1
